 Dungeon Crawl Stone Soup version 0.29.1-2-gbd0b4ee654 (webtiles) character file.

Game seed: 1937963033067500978

1262 DildoBatman the Magician (level 8, -1/58 HPs)
             Began as a Formicid Conjurer on Nov 23, 2022.
             Was a Follower of Kikubaaqudgha.
             Slain by Pikel
             ... wielding a +1 whip of flaming
              (8 damage)
             ... on level 5 of the Dungeon.
             The game lasted 00:12:44 (4380 turns).

DildoBatman the Magician (Formicid Conjurer)        Turns: 4380, Time: 00:12:44

Health: -1/58      AC:  3    Str: 11    XL:     8   Next: 81%
Magic:  3/18       EV: 16    Int: 21    God:    Kikubaaqudgha [*.....]
Gold:   206        SH:  0    Dex: 12    Spells: 12/20 levels left

rFire   . . .      SeeInvis +   a - +3 falchion
rCold   . . .      Faith    .   (no shield)
rNeg    + . .      Spirit   .   E - +0 robe
rPois   .          Reflect  .   (helmet unavailable)
rElec   .          Harm     .   (no cloak)
rCorr   .          Rampage  .   d - +0 pair of gloves
Will    .....                   (no boots)
Stlth   ++........              l - amulet of the acrobat
HPRegen 0.19/turn               j - ring of positive energy
MPRegen 0.16/turn               o - +4 ring of evasion

@: no status effects
A: permanent stasis, dig shafts and tunnels, antennae 3, four strong arms
a: Dig, Shaft Self, Renounce Religion, Unearth Wretches


You were on level 5 of the Dungeon.
You worshipped Kikubaaqudgha.
Kikubaaqudgha was aware of your devotion.
You visited 2 branches of the dungeon, and saw 6 of its levels.

You collected 206 gold pieces.

Inventory:

Hand Weapons
 a - a +3 falchion (weapon)
 b - a +0 sling
Missiles
 f - 52 stones
 t - 5 javelins
 D - 4 boomerangs
Armour
 d - a +0 pair of gloves (worn)
 E - a +0 robe (worn)
Jewellery
 j - a ring of positive energy (left hand)
 l - an amulet of the acrobat (around neck)
 o - a +4 ring of evasion (right hand)
Scrolls
 c - a scroll of amnesia {unknown}
 h - a scroll of brand weapon {unknown}
 i - 2 scrolls of acquirement {unknown}
 m - 4 scrolls of identify {unknown}
 r - 2 scrolls of poison {unknown}
 s - a scroll of immolation
 u - a scroll of noise {unknown}
 v - a scroll of enchant armour {unknown}
 w - a scroll of butterflies {unknown}
 y - a scroll of teleportation {unknown}
 F - a scroll of blinking {unknown}
Potions
 e - a potion of invisibility {unknown}
 g - a potion of attraction {unknown}
 k - 3 potions of mutation {unknown}
 n - 2 potions of might
 p - 2 potions of brilliance {unknown}
 q - a potion of heal wounds {unknown}
 x - a potion of flight {unknown}
 z - a potion of degeneration {unknown}
 A - 3 potions of resistance {unknown}
 B - a potion of lignification {unknown}
 C - 2 potions of curing {unknown}
 G - a potion of magic


   Skills:
 - Level 3.0 Fighting
 - Level 3.0 Armour
 - Level 2.0 Dodging
 - Level 2.4 Stealth
 * Level 6.9 Spellcasting
 - Level 6.0 Conjurations
 * Level 3.0 Necromancy


You had 12 spell levels left.
You knew the following spells:

 Your Spells              Type           Power      Damage    Failure   Level
a - Searing Ray           Conj           64%        2d6       1%          2
c - Magic Dart            Conj           100%       1d8       1%          1
d - Vampiric Draining     Necr           20%        2d7       8%          3
z - Sublimation of Blood  Necr           20%        N/A       3%          2

Your spell library contained the following spells:

 Spells                   Type           Power      Damage    Failure   Level
 Necrotise                Necr           80%        1d8       2%          1
 Dazzling Flash           Conj/Hex       38%        N/A       8%          3
 Gell's Gravitas          Tloc           7%         N/A       26%         3
 Lesser Beckoning         Tloc           7%         N/A       26%         3
 Teleport Other           Tloc           7%         N/A       26%         3
 Fulminant Prism          Conj/Hex       9%         3d7       26%         4
 Iskenderun's Mystic Bla  Conj/Tloc      19%        2d6       26%         4
 Anguish                  Hex/Necr       6%         N/A       43%         4
 Manifold Assault         Tloc           7%         N/A       94%         5
 Dispersal                Tloc           3%         N/A       100%        6
 Blink                    Tloc           Unusable   N/A       N/A         2

Dungeon Overview and Level Annotations

Branches:
Dungeon (5/15)             Temple (1/1) D:5

Altars:
Ashenzari
Cheibriados
Fedhas
Gozag
Kikubaaqudgha
Makhleb
Qazlal
Trog
Wu Jian
Yredelemnul
Zin
The Shining One

Annotations:
D:3 1 runed translucent door, GorkyZ's ghost, amateur DsFi
D:5 Pikel


Innate Abilities, Weirdness & Mutations

You cannot be hasted, slowed, berserked, paralysed or teleported.
You can dig through walls and to a lower floor.
You have a pair of large antennae on your head. (SInv)
Your four strong arms can wield two-handed weapons with a shield.


Message History

The puff of flame misses you. Pikel barely misses you.
You closely miss Pikel.
Pikel is heavily wounded.
Pikel says, "You'll feel the lick of my whip!"
Pikel zaps a wand.
The puff of flame misses you.
You closely miss Pikel.
Pikel is heavily wounded.
Pikel zaps a wand.
The puff of flame hits you.
You miss Pikel.
Pikel is heavily wounded.
Pikel barely misses you.
Pikel zaps a wand.
The puff of flame hits you!
You closely miss Pikel.
Pikel is heavily wounded.
Pikel hits you with a +1 whip of flaming!
Pikel burns you.
You hit Pikel but do no damage.
Pikel is heavily wounded.
Pikel closely misses you.
You slash Pikel!
Pikel is severely wounded.
Pikel hits you with a +1 whip of flaming.
Pikel burns you.
You hit Pikel.
Pikel is severely wounded.
Pikel completely misses you.
Pikel zaps a wand.
The puff of flame hits you.
Are you sure you want to shaft yourself?
Pikel zaps a wand.
The puff of flame hits you!
You begin to dig a shaft.
You continue digging a shaft.
Pikel hits you with a +1 whip of flaming!
You die...
Kikubaaqudgha rasps: "You have failed me!
Welcome... death!"

######.#### ##..###....#.#
##.. #.........# #...
#.>.#.# ## ...<..†.#.# #....
...#.# ..........## ######
.....# ...........### ...!.
.....>...#...## ....
.........###..# ..#
...........##.#######..###..
.....{.##...5K@............
...... ####5#######.##....
...... #.# ... . .....{{ #.#
#### #.# { { #<## #..# ##.#
..#


You could see Pikel and 2 lemures.

Vanquished Creatures
  Eustachio (D:5)
  An orc warrior (D:4)
  3 black bears
  2 ogres (D:4)
  A phantom (D:4)
  A lemure (D:5)
  A scorpion (D:5)
  A hound (D:4)
  An orc priest (D:4)
  Jessica (D:3)
  3 iguanas (D:5)
  3 orc wizards
  7 gnolls
  6 adders
  A white imp (D:5)
  A worm (D:2)
  A dart slug (D:3)
  23 orcs
  11 ball pythons
  4 bats
  An endoplasm (D:2)
  3 giant cockroaches
  5 goblins
  4 hobgoblins
  4 jackals (D:4)
  8 kobolds
  6 quokkas
  A frilled lizard (D:3)
  3 rats
108 creatures vanquished.

Notes
Turn   | Place    | Note
-------+----------+-------------------------------------------
     0 | D:1      | DildoBatman the Formicid Conjurer began the quest for the
                  | Orb.
     0 | D:1      | Reached XP level 1. HP: 13/13 MP: 3/3
   388 | D:1      | Reached XP level 2. HP: 4/20 MP: 0/5
   391 | D:1      | Learned a level 2 spell: Searing Ray
   813 | D:2      | Reached skill level 1 in Fighting
   813 | D:2      | Reached skill level 1 in Armour
   813 | D:2      | Reached XP level 3. HP: 14/26 MP: 0/6
  1450 | D:2      | Reached XP level 4. HP: 19/32 MP: 3/8
  2325 | D:3      | Reached XP level 5. HP: 38/38 MP: 1/9
  2417 | D:3      | Noticed Jessica
  2420 | D:3      | Killed Jessica
  2825 | D:3      | Reached XP level 6. HP: 40/46 MP: 4/11
  2873 | D:3      | Noticed GorkyZ's ghost (amateur DsFi)
  2874 | D:3      | Found a runed translucent door.
  2918 | D:4      | Noticed a black bear
  3038 | D:4      | Found an ancient bone altar of Kikubaaqudgha.
  3046 | D:4      | Became a worshipper of Kikubaaqudgha
  3181 | D:4      | Noticed an ogre
  3493 | D:4      | Killed a black bear
  3494 | D:4      | Reached skill level 5 in Conjurations
  3494 | D:4      | Reached XP level 7. HP: 48/52 MP: 5/13
  3749 | D:4      | Reached skill level 5 in Spellcasting
  3812 | D:4      | Reached XP level 8. HP: 38/58 MP: 2/16
  3956 | D:4      | Reached * piety under Kikubaaqudgha
  3956 | D:4      | Received a gift from Kikubaaqudgha
  4030 | D:4      | Learned a level 2 spell: Sublimation of Blood
  4034 | D:4      | Learned a level 3 spell: Vampiric Draining
  4050 | D:5      | Entered Level 5 of the Dungeon
  4053 | D:5      | Noticed Eustachio
  4077 | D:5      | Killed Eustachio
  4078 | D:5      | Reached skill level 1 in Necromancy
  4198 | D:5      | Found a staircase to the Ecumenical Temple.
  4206 | Temple   | Entered the Ecumenical Temple
  4206 | Temple   | Found a transporter.
  4206 | Temple   | Found a transporter.
  4208 | Temple   | Found a transporter.
  4208 | Temple   | Found a transporter.
  4359 | D:5      | Noticed Pikel
  4380 | D:5      | Slain by Pikel

Illustrated notes

Levels and vault maps discovered:
D:1:      minmay_arrival_jagged, layout_basic,
          amcnicky_mini_rare_corridor_liquid
D:2:      layout_basic, serial_aquarium, aquarium_bridge_square
          [aquarium_subvault_wall, aquarium_subvault_window,
          aquarium_subvault_bridge, aquarium_subvault_window],
          aquarium_bridge_square [aquarium_subvault_bridge,
          aquarium_subvault_bridge, aquarium_subvault_bridge,
          aquarium_subvault_bridge], aquarium_window_1,
          aquarium_window_corridor_1, aquarium_view_2e, aquarium_view_2c,
          aquarium_pool_double, hangedman_decor_lopped, minmay_cut_off
D:3:      layout_basic, serial_aquarium, aquarium_bridge_square
          [aquarium_subvault_bridge, aquarium_subvault_bridge,
          aquarium_subvault_wall, aquarium_subvault_window],
          aquarium_window_corridor_3, aquarium_window_2, aquarium_window_2,
          aquarium_view_2c, aquarium_balcony_double_1,
          ebering_ghost_inner_flame, uniq_jessica
D:4:      layout_basic, kennysheep_little_box
D:5:      layout_rooms, minmay_temple_entry_large_hall, uniq_eustachio,
          uniq_pikel
Temple:   hellmonk_temple_divided_pantheon

Skill      XL: |  1  2  3  4  5  6  7  8 |
---------------+-------------------------+-----
Dodging        | 2 |  2.0
Fighting       | 1 2 3 |  3.0
Armour         | 1 2 3 |  3.0
Conjurations   | 4 5 6 |  6.0
Spellcasting   | 3 4 5 6 |  6.9
Necromancy     | 3 |  3.0
Stealth        | |  2.4

Action                   |  1- 3 |  4- 6 |  7- 9 || total
-------------------------+-------+-------+-------++-------
Melee: Short sword       |    17 |    10 |       ||    27
       Halberd           |       |     9 |       ||     9
       Punch             |       |     1 |       ||     1
       Falchion          |       |       |     8 ||     8
 Fire: Sling             |       |     6 |    41 ||    47
 Cast: Magic Dart        |    46 |    33 |     8 ||    87
       Searing Ray       |     4 |    23 |    26 ||    53
 Abil: Shaft Self        |       |       |     1 ||     1
 Stab: Sleeping          |     1 |       |       ||     1
Armor: Robe              |     4 |     2 |       ||     6
Dodge: Dodged            |    12 |    38 |    30 ||    80
